 Dungeon Crawl Stone Soup version 0.27.1-34-g3ba077fa99 (webtiles) character file.

Game seed: 3729014274081030629

402 McKennaii the Skirmisher (level 6, -24/48 HPs)
             Began as a Demonspawn Fighter on Jan 15, 2022.
             Killed from afar by Maggie (25 damage)
             ... with a bolt of fire
             ... on level 7 of the Dungeon.
             The game lasted 00:05:44 (3268 turns).

McKennaii the Skirmisher (Demonspawn Fighter)       Turns: 3268, Time: 00:05:44

Health: -24/48     AC:  7    Str: 18    XL:     6   Next: 55%
Magic:  6/6        EV:  7    Int: 10    God:
Gold:   117        SH:  9    Dex: 12    Spells: 5/5 levels left

rFire    . . .     SeeInvis .   a - +1 trident
rCold    . . .     Faith    .   c - +0 kite shield
rNeg     . . .     Spirit   .   b - +0 scale mail
rPois    .         Reflect  .   (no helmet)
rElec    .         Harm     .   (no cloak)
rCorr    .         Rampage  .   (no gloves)
Will     .....                  (no boots)
Stlth    ..........             (no amulet)
HPRegen  0.16/turn              (no ring)
MPRegen  0.10/turn              (no ring)

@: mighty, mesmerised
A: claws 1, spiny 1
a: no special abilities


You were on level 7 of the Dungeon.
You visited 1 branch of the dungeon, and saw 5 of its levels.

You collected 117 gold pieces.

Inventory:

Hand Weapons
 a - a +1 trident (weapon)
Armour
 b - a +0 scale mail (worn)
 c - a +0 kite shield (worn)
Scrolls
 j - 2 scrolls of identify
Potions
 f - a potion of resistance
 k - a potion of brilliance {unknown}
 l - 2 potions of heal wounds {unknown}
 m - a potion of haste
 n - 2 potions of magic
 p - a potion of curing {unknown}
 q - a potion of mutation {unknown}


   Skills:
 + Level 4.2 Fighting
 * Level 4.2 Polearms
 + Level 3.9 Armour
 + Level 3.8 Shields


You had 5 spell levels left.
You didn't know any spells.
Your spell library contained the following spells:

 Spells                   Type           Power      Damage    Failure   Level
 Passwall                 Tmut/Erth      0%         N/A       100%        2
 Swiftness                Air            0%         N/A       100%        3
 Invisibility             Hex            0%         N/A       100%        6


Dungeon Overview and Level Annotations

Branches:
Dungeon (4/15)
 Temple: D:4-7

Altars:
Kikubaaqudgha
Wu Jian

Shops:
D:2 ?

Annotations:
D:7 Maggie


Innate Abilities, Weirdness & Mutations

You have sharp fingernails.
You are partially covered in sharp spines.


Message History

You start resting.
Maggie is nearby!
Maggie shouts!
Maggie shouts, "Leave me alone!"
Maggie says, "Leave now, and tell all of Margery's mercy!"
Maggie casts a spell.
Maggie attempts to bespell you!
You are mesmerised by Maggie!
You cannot move away from Maggie!
Unknown command.
As you read the scroll of fog, it crumbles to dust.
The scroll dissolves into smoke.
You cannot move away from Maggie!
Unknown command.
You cannot move away from Maggie!
Unknown command.
Unknown command.
You feel very mighty all of a sudden.
Unknown command.
You closely miss Maggie.
Maggie zaps a wand.
You barely resist. Maggie is struck by your spines. Maggie barely misses you.
You impale Maggie!!
Maggie is moderately wounded.
Maggie hits you with a +0 vorpal scimitar!
You puncture Maggie!
Maggie is heavily wounded.
You block Maggie's attack.
You puncture Maggie!
Maggie is severely wounded.
Maggie casts a spell.
Maggie draws you further into her thrall.
You puncture Maggie!
Maggie is almost dead.
Maggie gestures at you while chanting. The bolt of fire hits you!!
* * * LOW HITPOINT WARNING * * *
Maggie gestures at you while chanting. The bolt of fire hits you!!
Ouch! That really hurt!
You die...

# #§#
#§# #§#
#§#####
#§#...#
#.#.#.#
#@#.#.#
#§#@#.#
#.#@#@#
#.#§#.#
#§§§§§#
###§###
..# ###


You could see Maggie (mesmerising).

Vanquished Creatures
  A phantom (D:4)
  A scorpion (D:4)
  A water moccasin skeleton (D:4)
  A bullfrog skeleton (D:7)
  4 gnolls (D:4)
  A howler monkey skeleton (D:7)
  2 adders
  An adder skeleton (D:4)
  A worm (D:2)
  4 dart slugs
  6 orcs
  11 ball pythons
  5 bats
  2 bat zombies (D:3)
  7 endoplasms
  4 giant cockroaches
  9 goblins
  11 hobgoblins
  8 jackals
  4 quokkas
  2 kobolds
  8 rats
  2 rat zombies (D:3)
96 creatures vanquished.

Notes
Turn   | Place    | Note
-------+----------+-------------------------------------------
     0 | D:1      | McKennaii the Demonspawn Fighter began the quest for the
                  | Orb.
     0 | D:1      | Reached XP level 1. HP: 18/18 MP: 1/1
   318 | D:1      | Gained mutation: You are partially covered in sharp spines.
                  | [demonic ancestry]
   318 | D:1      | Reached XP level 2. HP: 24/24 MP: 2/2
   390 | D:1      | Found a faded altar of an unknown god.
   789 | D:1      | Reached XP level 3. HP: 29/29 MP: 3/3
  1098 | D:2      | Found an ancient bone altar of Kikubaaqudgha.
  1336 | D:2      | Found Lith's Magic Scroll Shoppe.
  1383 | D:2      | Gained mutation: You have sharp fingernails. [demonic
                  | ancestry]
  1383 | D:2      | Reached XP level 4. HP: 35/35 MP: 4/4
  1774 | D:3      | Found an ornate altar of the Wu Jian Council.
  1930 | D:3      | Noticed a sky beast
  2285 | D:3      | You fall into a shaft and drop 1 floor!
  2303 | D:4      | Noticed a phantom
  2337 | D:4      | Killed a phantom
  2338 | D:4      | Reached XP level 5. HP: 34/42 MP: 5/5
  2507 | D:3      | Found an ancient bone altar of Kikubaaqudgha.
  2675 | D:4      | Reached XP level 6. HP: 20/48 MP: 6/6
  3128 | D:4      | You fall into a shaft and drop 3 floors!
  3194 | D:7      | Noticed Maggie
  3268 | D:7      | HP: 1/48 [Maggie/bolt of fire (21)]
  3268 | D:7      | Killed from afar by Maggie

Illustrated notes

Levels and vault maps discovered:
D:1:      lightli_arrival_isolated_outpost, layout_loops_ring,
          ebering_ecumenical_altar_mist
D:2:      cheibrodos_old_hovel, layout_basic, basic_altar, serial_shops,
          nicolae_square_shop, hex_tiny, chequers_garden,
          guppyfry_early_orc_mine
D:3:      layout_rooms, lemuel_zombie_altar_kikubaaqudgha,
          pdpol_wu_jian_five_deadly_venoms,
          hangedman_abyss_or_decor_lesser_grid, minmay_surrounded
D:4:      minmay_clustersquares, layout_basic, minmay_temple_entry_glassed_door,
          serial_shops, kennysheep_little_box, nicolae_square_shop
D:7:      cheibrodos_fertilizer, layout_basic, nicolae_ossuary_entry_catacombs,
          serial_bayou_crossing, uniq_maggie, uniq_pikel, uniq_menkaure

Skill      XL: |  1  2  3  4  5  6 |
---------------+-------------------+-----
Polearms       | 2 3 4 |  4.2
Armour         | 3 |  3.9
Shields        | 3 |  3.8
Fighting       | 4 |  4.2

Action                   |  1- 3 |  4- 6 || total
-------------------------+-------+-------++-------
Melee: Trident           |   129 |   139 ||   268
  Use: Potion            |       |     3 ||     3
       Scroll            |       |     8 ||     8
Armor: Scale mail        |    39 |    42 ||    81
Dodge: Dodged            |    22 |    35 ||    57
Block: Kite shield       |    65 |    64 ||   129
